 Dungeon Crawl Stone Soup version 0.18-a0-1640-g8b6524e (webtiles) character file.

195 Espgualade the Skirmisher (level 5, 0/35 HPs)
             Began as a Tengu Ice Elementalist on Mar 27, 2016.
             Succumbed to an adder's poison
             ... on level 3 of the Dungeon.
             The game lasted 00:05:53 (3164 turns).

Espgualade the Skirmisher (Tengu Ice Elementalist)  Turns: 3164, Time: 00:05:53

Health: 0/35       AC:  4    Str:  8    XL:     5   Next: 74%
Magic:  5/9        EV: 13    Int: 16    God:
Gold:   126        SH:  0    Dex: 15    Spells: 3 memorised, 2 levels left

rFire  . . .     SeeInvis +     k - +4 quarterstaff (chaos)
rCold  . . .     Gourm    .     a - +1 robe
rNeg   . . .     Faith    .     (shield currently unavailable)
rPois  .         Spirit   .     (helmet restricted)
rElec  .         Dismiss  .     e - +0 cloak
rCorr  .         Reflect  .     (no gloves)
SustAt .         Harm     .     (boots unavailable)
MR     .....                    (no amulet)
Stlth  ++........               (no ring)
                                n - ring of see invisible

@: lethally poisoned (0 -> -5), not resistant to hostile enchantments,
unstealthy
A: beak, talons 3, able to fly 1
a: Fly


You were on level 3 of the Dungeon.
You were not hungry.

You visited 1 branch of the dungeon, and saw 3 of its levels.

You collected 126 gold pieces.

Inventory:

Hand Weapons
 g - a +2 short sword of holy wrath
 k - a +4 quarterstaff of chaos (weapon)
Armour
 a - a +1 robe (worn)
 e - a +0 cloak (worn)
Jewellery
 n - a ring of see invisible (left hand)
Scrolls
 f - a scroll of identify
Books
 b - a book of Frost

   Spells                             Type                      Level
   a - Freeze                         Ice                          1
   b - Throw Frost                    Conjuration/Ice              2
   c - Ozocubu's Armour               Charms/Ice                   3
   d - Throw Icicle                   Conjuration/Ice              4
   e - Summon Ice Beast               Ice/Summoning                4
Comestibles
 c - a bread ration
 i - a meat ration
 j - a slice of pizza


   Skills:
 - Level 5.0 Fighting
 + Level 2.7 Dodging
 - Level 2.0 Stealth
 - Level 2.0 Spellcasting
 - Level 1.3 Conjurations
 - Level 2.6 Ice Magic


You had 2 spell levels left.
You knew the following spells:

 Your Spells              Type           Power        Failure   Level  Hunger
a - Freeze                Ice            ##..         10%         1    #......
b - Throw Frost           Conj/Ice       #.....       14%         2    ###....
c - Ozocubu's Armour      Chrm/Ice       #.......     38%         3    ###....


Dungeon Overview and Level Annotations

Branches:
Dungeon (3/15)

Altars:
Makhleb


Innate Abilities, Weirdness & Mutations

You have a beak for a mouth.
You have claws for feet.
You can fly.


Message History

Read which item? (? for menu, Esc to quit)
As you read the scroll labeled PIOTRE HUNAC, it crumbles to dust.
It is a scroll of enchant armour.
Enchant which item? (? for menu, Esc to quit)
Your +0 robe glows green for a moment.
There is a lethal amount of poison in your body!
There is a lethal amount of poison in your body!
There is a lethal amount of poison in your body!
* * * LOW HITPOINT WARNING * * *
You feel sick.
* * * LOW HITPOINT WARNING * * *
You feel sick.
* * * LOW HITPOINT WARNING * * *
You feel sick.
Your magical contamination has completely faded away.
* * * LOW HITPOINT WARNING * * *
You feel sick.
* * * LOW HITPOINT WARNING * * *
You feel sick.
You die...

###########
#.........#
#........@#
#.........+
#.†.......#
#..†......#
#.........#
#.........#
#.#.#####'########
..........#
#.#.####..#


There were no monsters in sight!

Vanquished Creatures
  Crazy Yiuf (D:2)
  7 gnolls
  5 adders
  5 giant cockroaches
  4 goblins (D:1)
  4 hobgoblins
  6 jackals (D:1)
  2 quokkas
  A ball python (D:1)
  8 bats
  2 giant newts
  8 kobolds
  6 rats
59 creatures vanquished.

Notes
Turn   | Place    | Note
--------------------------------------------------------------
     0 | D:1      | Espgualade the Tengu Ice Elementalist began the quest for the Orb.
     0 | D:1      | Reached XP level 1. HP: 10/10 MP: 4/4
    46 | D:1      | Reached skill level 1 in Fighting
   409 | D:1      | Reached XP level 2. HP: 12/16 MP: 6/6
   699 | D:1      | Reached skill level 2 in Fighting
   995 | D:1      | Reached XP level 3. HP: 22/22 MP: 7/7
  1128 | D:1      | Reached skill level 3 in Fighting
  1600 | D:2      | Learned a level 2 spell: Throw Frost
  1604 | D:2      | Learned a level 3 spell: Ozocubu's Armour
  1944 | D:2      | Reached XP level 4. HP: 26/28 MP: 8/8
  1993 | D:2      | Reached skill level 4 in Fighting
  2393 | D:2      | Found a burning altar of Makhleb.
  2524 | D:2      | Noticed Crazy Yiuf
  2534 | D:2      | Killed Crazy Yiuf
  2534 | D:2      | Gained mutation: You can fly. [Tengu growth]
  2534 | D:2      | Reached XP level 5. HP: 17/34 MP: 0/9
  3095 | D:3      | Reached skill level 5 in Fighting
  3161 | D:3      | HP: 1/35 [poisoned by an adder]
  3164 | D:3      | Succumbed to an adder's poison

Vault maps used:
D:1:      dpeg_arrival_erosion, minmay_misc_feat_cross
D:2:      nicolae_overflow_hidden_temple, lemuel_round_altar, first_bread,
          uniq_crazy_yiuf_cottage
D:3:      minitemple, minmay_misc_feat_roman, minivault_25

Skill      XL: |  1  2  3  4  5 |
---------------+----------------+-----
Fighting       | 1 2 3 4 5 |  5.0
Dodging        | |  2.7
Stealth        | |  2.0
Spellcasting   | |  2.0
Conjurations   | |  1.3
Ice Magic      | |  2.6

Action                   |  1- 3 |  4- 6 || total
-------------------------+-------+-------++-------
Melee: Short sword       |    64 |     8 ||    72
       Unarmed           |     1 |       ||     1
       Quarterstaff      |       |    25 ||    25
 Cast: Freeze            |    29 |    21 ||    50
       Ozocubu's Armour  |       |     2 ||     2
       Throw Frost       |       |     1 ||     1
  Use: Potion            |       |     3 ||     3
       Scroll            |       |     6 ||     6
 Stab: Sleeping          |     1 |       ||     1
  Eat: Chunk             |     4 |     1 ||     5
       Bread ration      |       |     1 ||     1
